AoeStats
← MZTK | GaboxNet .i.

Enclosed

506755594Analyzed
1v1 RM · 17d ago on Sep 15, 2026· 47m 44s· 2 players
Game mode
Random Map
Map size
Tiny (2 player)
Population
200
Speed
Normal
Resources
Standard
Victory
Conquest
Starting age
Dark Age
Ending age
Imperial Age
RankedLock teamsTeams togetherTeam positionsShared explorationLock speedFull tech treeHidden civsTurbo modeCheats
Victory
Defeat
🇲🇽 Ethiopians · Mexico
1174
+14
🇨🇦 Spanish · Canada
1124
-14
Failed Math Test
11:37 Feudal Age
16:53 Castle Age
16:48 Horse Collar
18:24 Loom
31:00 Double-Bit Axe
39:00 Bloodlines
39:39 Husbandry
42:27 Elite Skirmisher
43:38 Pikeman
MZTK | GaboxNet .i.
9:35 Feudal Age
10:16 Loom
13:43 Double-Bit Axe
14:49 Fletching
23:26 Castle Age
22:57 Padded Archer Armor
24:24 Bow Saw
23:35 Crossbowman
24:31 Bodkin Arrow
25:29 Horse Collar
28:30 Ballistics
29:46 Leather Archer Armor
31:09 Husbandry
31:57 Scale Barding Armor
33:39 Wheelbarrow
35:53 Thumb Ring
36:43 Heavy Plow
41:25 Imperial Age
40:26 Chain Barding Armor
40:16 Forging
40:18 Light Cavalry
42:35 Bracer
42:04 Arbalester
44:18 Iron Casting
44:26 Ring Archer Armor
45:44 Chemistry
46:38 Hussar
Connection lost

Rejoining the realm…

Still unreachable

The connection could not be restored.

Session expired

The server has moved on; the page needs a fresh start.